 Dungeon Crawl Stone Soup version 0.27.1-3-gb3d3a73c9e (webtiles) character file.

Game seed: 6843964455822540319

4 jlumianski the Shield-Bearer (level 1, 0/14 HPs)
             Began as a Gargoyle Fighter on Oct 25, 2021.
             Slain by a bat (1 damage)
             ... on level 1 of the Dungeon.
             The game lasted 00:00:22 (56 turns).

jlumianski the Shield-Bearer (Gargoyle Fighter)       Turns: 56, Time: 00:00:22

Health: 0/14       AC:  9    Str: 19    XL:     1   Next: 60%
Magic:  1/1        EV:  7    Int:  8    God:
Gold:   23         SH:  9    Dex:  9    Spells: 0/0 levels left

rFire    . . .     SeeInvis .   a - +0 war axe
rCold    . . .     Faith    .   c - +0 kite shield
rNeg     + . .     Spirit   .   b - +0 scale mail
rPois    ∞         Reflect  .   (no helmet)
rElec    +         Harm     .   (no cloak)
rCorr    .         Rampage  .   (no gloves)
Will     .....                  (no boots)
Stlth    ..........             (no amulet)
HPRegen  0.04/turn              (no ring)
MPRegen  0.07/turn              (no ring)

@: no status effects
A: sickness immunity, AC +2, negative energy resistance 1, electricity
resistance, torment resistance 1, petrification resistance
a: no special abilities


You were on level 1 of the Dungeon.
You visited 1 branch of the dungeon, and saw 1 of its levels.

You collected 23 gold pieces.

Inventory:

Hand Weapons
 a - a +0 war axe (weapon)
Armour
 b - a +0 scale mail (worn)
 c - a +0 kite shield (worn)
Potions
 d - a potion of might


   Skills:
 + Level 3.3 Fighting
 + Level 1.7 Axes
 + Level 3.4 Armour
 + Level 3.4 Shields


You couldn't memorise any spells.
You didn't know any spells.
Your spell library was empty.

Dungeon Overview and Level Annotations

Branches:
Dungeon (1/15)

Altars:


Innate Abilities, Weirdness & Mutations

You are immune to sickness and miasma.
Your stone body is resilient. (AC +2)
You are immune to poison.
You resist negative energy. (rN+)
You are resistant to electric shocks. (rElec)
You are resistant to unholy torment.
You are immune to petrification.


Message History

The kobold closely misses you. The kobold barely misses you.
You closely miss the kobold.
The kobold is severely wounded.
The kobold hits you but does no damage.
Your scale mail prevents you from hitting the kobold.
The kobold is severely wounded.
The kobold hits you but does no damage. The kobold closely misses you.
You closely miss the kobold.
The kobold is severely wounded.
The kobold barely misses you. The kobold hits you with a +0 dagger.
You hit the kobold but do no damage.
The kobold is severely wounded.
The kobold hits you but does no damage.
You hit the kobold.
You kill the kobold!
The hobgoblin hits you but does no damage.
You closely miss the hobgoblin. You block the hobgoblin's attack.
You barely miss the hobgoblin. The hobgoblin hits you.
The hobgoblin hits you but does no damage.
You hit the hobgoblin.
The hobgoblin is heavily wounded.
The hobgoblin hits you.
You closely miss the hobgoblin.
The hobgoblin is heavily wounded.
You block the hobgoblin's attack. The hobgoblin hits you.
* * * LOW HITPOINT WARNING * * *
You hit the hobgoblin.
You kill the hobgoblin!
The bat hits you but does no damage. You block the bat's attack.
The bat hits you.
* * * LOW HITPOINT WARNING * * *
You see here a +0 dagger.
The bat barely misses you. The bat closely misses you.
You see here a +0 dagger.
You block the bat's attack. x2
The bat hits you.
* * * LOW HITPOINT WARNING * * *
The bat hits you.
You die...

#........# #........#
#........# #........###
#..?.......#. ...##
#........#.#. ....
#........#...#...
#....@$..##.....#
##...b####....8.#### #. #.
####.###.......≈≈≈#
#.###.#####)##.......§≈≈§#
#...........#..8..8<§§≈≈>#
#..................§§§≈§#
+............#......§≈≈§#
##............##....8.####
_...............#.....#


You could see a bat.

Vanquished Creatures
  An endoplasm (D:1)
  A hobgoblin (D:1)
  A ball python (D:1)
  A kobold (D:1)
4 creatures vanquished.

Notes
Turn   | Place    | Note
-------+----------+-------------------------------------------
     0 | D:1      | jlumianski the Gargoyle Fighter began the quest for the
                  | Orb.
     0 | D:1      | Reached XP level 1. HP: 14/14 MP: 1/1
    15 | D:1      | Found a faded altar of an unknown god.
    56 | D:1      | Slain by a bat

Illustrated notes

Levels and vault maps discovered:
D:1:      grunt_arrival_lava_bath, layout_basic, basic_ecumenical_altar,
          serial_shops, nicolae_shop_waterfront, minmay_hedge_maze,
          minmay_tiny_reverse_x

Action                   || total
-------------------------++-------
Melee: War axe           ||    21
Armor: Scale mail        ||    14
Dodge: Dodged            ||    10
Block: Kite shield       ||    14
